 Dungeon Crawl Stone Soup version 0.27-a0-909-g0721f30 (webtiles) character file.

Game seed: 12971588784618502000

337 Nithhogg the Skirmisher (level 6, -17/50 HPs)
             Began as a Demonspawn Fighter on Apr 8, 2021.
             Demolished by an ogre
             ... wielding a +0 giant club
              (27 damage)
             ... on level 4 of the Dungeon.
             The game lasted 00:04:23 (3332 turns).

Nithhogg the Skirmisher (Demonspawn Fighter)        Turns: 3332, Time: 00:04:23

Health: -17/50     AC: 12    Str: 18    XL:     6   Next: 28%
Magic:  6/6        EV:  3    Int:  9    God:
Gold:   175        SH:  9    Dex: 15    Spells: 5/5 levels left

rFire    . . .     SeeInvis .   a - +0 long sword
rCold    . . .     Faith    .   c - +0 kite shield
rNeg     . . .     Spirit   .   g - +0 plate armour
rPois    .         Reflect  .   (helmet restricted)
rElec    .         Harm     .   (no cloak)
rCorr    .         Rampage  .   (no gloves)
Will     .....                  (no boots)
Stlth    ..........             (no amulet)
HPRegen  0.16/turn              h - ring of flight
MPRegen  0.10/turn              (no ring)

@: flying
A: antennae 1, rugged brown scales 1, spiny 1, agile 1, MP-powered wands
a: no special abilities


You were on level 4 of the Dungeon.
You visited 1 branch of the dungeon, and saw 4 of its levels.

You collected 175 gold pieces.

Inventory:

Hand Weapons
 a - a +0 long sword (weapon)
Armour
 b - a +0 scale mail
 c - a +0 kite shield (worn)
 g - a +0 plate armour (worn)
Jewellery
 h - a ring of flight (left hand)
Wands
 k - a wand of flame (15)
Scrolls
 f - 3 scrolls of identify {unknown}
 j - a scroll of noise {unknown}
Potions
 e - 2 potions of mutation
 i - a potion of ambrosia {unknown}
 l - a potion of curing {unknown}


   Skills:
 + Level 4.3 Fighting
 + Level 3.3 Long Blades
 + Level 4.0 Armour
 + Level 4.0 Shields


You had 5 spell levels left.
You didn't know any spells.
Your spell library contained the following spells:

 Spells                   Type           Power      Damage    Failure   Level
 Animate Skeleton         Necr           0%         N/A       100%        1
 Apportation              Tloc           0%         N/A       100%        1
 Corona                   Hex            0%         N/A       100%        1
 Summon Small Mammal      Summ           0%         N/A       100%        1


Dungeon Overview and Level Annotations

Branches:
Dungeon (4/15)
 Temple: D:4-7

Altars:
Ru


Innate Abilities, Weirdness & Mutations

You have a pair of small antennae on your head.
You are partially covered in rugged brown scales. (AC +1, +3% HP)
You are partially covered in sharp spines.
You are agile. (Dex +2)
You expend magic power (3 MP) to strengthen your wands.


Message History

There is an open door here.
Which direction?
You reach down and close the door.
There is an open door here.
An ogre opens the door.
You reach down and close the door.
You reach down and open the door.
There is a stone staircase leading up here.
You fly upwards.
There is a stone staircase leading down here.
You start resting.
HP restored.
You fly downwards.
The ogre is struck by your spines. The ogre barely misses you.
There is a stone staircase leading up here.
You hit the ogre.
The ogre is lightly wounded.
The ogre hits you with a +0 giant club! You block the hobgoblin's attack.
You block the hobgoblin's attack. You block the ogre's attack.
You block the ogre's attack. You block the hobgoblin's attack.
There is a stone staircase leading up, spattered with blood here.
The ogre hits you but does no damage. The ogre is struck by your spines.
The ogre hits you with a +0 giant club!!
The hobgoblin hits you but does no damage.
You block the ogre's attack.
There is an open door here.
There is an open door here.
There is an open door here.
It was a potion of mutation.
You feel extremely strange.
You feel your magical essence link to the dungeon's wands.
You feel agile. The ogre hits you with a +0 giant club!
* * * LOW HITPOINT WARNING * * *
There is a stone staircase leading up, spattered with blood here.
The ogre hits you with a +0 giant club!!
Ouch! That really hurt!
You die...

........)).#..........
........####..........
......................
..............รท.......
......................
......................
############..........
#.......#..#....######
#....@..#..'....#
##...O.##.g#....#
##....g##'##{...#
#..........#g...#
#......##..#....#
#####......##..#....#
#..............#....#
#....#.....##..#....#
#....#.....#####....#


You could see an ogre and a hobgoblin.

Vanquished Creatures
  An orc priest (D:3)
  A gnoll shaman (D:4)
  2 iguanas
  An orc wizard (D:3)
  A hound skeleton (D:4)
  4 gnolls (D:4)
  7 adders (D:2)
  2 adder skeletons (D:2)
  3 worms
  2 dart slugs
  2 orcs (D:3)
  2 bat skeletons (D:2)
  3 endoplasms
  2 giant cockroaches (D:2)
  2 goblins
  6 hobgoblins
  11 jackals
  6 kobolds
  2 quokkas
  5 ball pythons
  A bat (D:3)
  7 frilled lizards
  A quokka zombie (D:2)
  5 rats
79 creatures vanquished.

Notes
Turn   | Place    | Note
-------+----------+-------------------------------------------
     0 | D:1      | Nithhogg the Demonspawn Fighter began the quest for the
                  | Orb.
     0 | D:1      | Reached XP level 1. HP: 18/18 MP: 1/1
   286 | D:1      | Gained mutation: You are partially covered in sharp spines.
                  | [demonic ancestry]
   286 | D:1      | Reached XP level 2. HP: 24/24 MP: 2/2
  1088 | D:2      | Reached XP level 3. HP: 29/29 MP: 3/3
  1657 | D:2      | Gained mutation: You are partially covered in rugged brown
                  | scales. (AC +1, +3% HP) [demonic ancestry]
  1657 | D:2      | Reached XP level 4. HP: 29/36 MP: 4/4
  2179 | D:3      | Gained mutation: You have a pair of small antennae on your
                  | head. [demonic ancestry]
  2179 | D:3      | Reached XP level 5. HP: 22/43 MP: 5/5
  2971 | D:3      | Found a sacrificial altar of Ru.
  3105 | D:4      | Reached XP level 6. HP: 34/49 MP: 6/6
  3329 | D:4      | Gained mutation: You expend magic power (3 MP) to
                  | strengthen your wands. [potion of mutation]
  3329 | D:4      | Gained mutation: You are agile. (Dex +2) [potion of
                  | mutation]
  3332 | D:4      | Demolished by an ogre

Illustrated notes

Levels and vault maps discovered:
D:1:      dpeg_arrival_arbitrary_b, layout_basic, serial_bayou_pond_a
D:2:      layout_loops_ring, serial_undead, serial_undead_e, serial_undead_c,
          serial_undead_a, serial_undead_e, serial_undead_a, serial_undead_b,
          st_stairs_6
D:3:      layout_basic, nicolae_ru_the_path_less_chosen
D:4:      layout_gridville, general_overflow_altar,
          chequers_serial_rivers_room_b

Skill      XL: |  1  2  3  4  5  6 |
---------------+-------------------+-----
Long Blades    | 2 3 |  3.3
Armour         | 3 4 |  4.0
Shields        | 3 4 |  4.0
Fighting       | 4 |  4.3

Action                   |  1- 3 |  4- 6 || total
-------------------------+-------+-------++-------
Melee: Long sword        |   104 |   106 ||   210
  Use: Potion            |       |     2 ||     2
Armor: Scale mail        |    19 |       ||    19
       Plate armour      |    45 |    87 ||   132
Dodge: Dodged            |    14 |    18 ||    32
Block: Kite shield       |    47 |    73 ||   120
       Rpst.: Long sword |     6 |     6 ||    12

Table legend: (Time is in decaauts)
 A = Elapsed time spent in this place.
 B = Non-inter-level travel time spent in this place.
 C = Inter-level travel time spent in this place.
 D = Time resting spent in this place.
 E = Time spent auto-exploring this place.
 F = Levels seen in this place.
 G = Mean time per level.
                   A        B        C        D        E       F      G
               +--------+--------+--------+--------+--------+-----+--------+
         Total |   3438 |   3332 |    106 |    451 |   2269 |   4 |  859.5 |
       Dungeon |   3438 |   3332 |    106 |    451 |   2269 |   4 |  859.5 |
               +--------+--------+--------+--------+--------+-----+--------+

Top non-repeatable levels by time:
     D:2: 1206 daAuts
     D:1: 1032 daAuts
     D:3: 1001 daAuts
     D:4: 197 daAuts
